 Dungeon Crawl Stone Soup version 0.30-a0-800-g7c544603b3 (webtiles) character file.

Game seed: 18081799271960487602

1374 Hubris850 the Ruffian (level 8, -2/54 (59) HPs)
             Began as a Black Draconian Transmuter on Feb 22, 2023.
             Was an Initiate of Wu Jian.
             Slain by a wight
             ... wielding a +4 dagger
              (7 damage)
             ... on level 5 of the Dungeon.
             The game lasted 00:11:23 (4407 turns).

Hubris850 the Ruffian (Black Draconian Transmuter)  Turns: 4407, Time: 00:11:23

HP:   -2/54 (59)    AC:  7    Str: 13    XL:     8   Next: 39%
MP:   14/14         EV: 11    Int: 16    God:    Wu Jian [......]
Gold: 284           SH:  4    Dex: 11    Spells: 11/16 levels left

rFire   + . .      SeeInvis .      - Unarmed
rCold   . . .      Faith    .    t - +0 buckler
rNeg    . . .      Spirit   .    (body armour unavailable)
rPois   .          Reflect  .    (helmet restricted)
rElec   +          Harm     .    (no cloak)
rCorr   .          Rampage  .    v - +0 pair of gloves
Will    .....                    (no boots)
Stlth   +                        (no amulet)
HPRegen 0.29/turn                s - ring of protection from fire
MPRegen 0.14/turn                (no ring)

@: drained
A: breathe lightning, AC +6, unfitting armour, electricity resistance,
cold-blooded
a: Breathe Lightning, Renounce Religion


You were on level 5 of the Dungeon.
You worshipped Wu Jian.
Wu Jian was noncommittal.
You visited 2 branches of the dungeon, and saw 6 of its levels.

You collected 284 gold pieces.

Inventory:

Hand Weapons
 e - a +0 whip
 g - a +1 dagger of draining
Missiles
 f - 6 boomerangs
 j - 3 poisoned darts
Armour
 t - a +0 buckler (worn)
 v - a +0 pair of gloves (worn)
Jewellery
 s - a ring of protection from fire (left hand)
Scrolls
 b - 3 scrolls of noise {unknown}
 c - a scroll of immolation {unknown}
 h - a scroll of poison {unknown}
 k - 2 scrolls of acquirement {unknown}
 l - 4 scrolls of teleportation {unknown}
 m - 6 scrolls of identify {unknown}
 o - a scroll of magic mapping {unknown}
 p - a scroll of blinking {unknown}
 u - a scroll of summoning {unknown}
Potions
 a - a potion of lignification
 d - a potion of haste
 i - 2 potions of ambrosia {unknown}
 n - a potion of flight {unknown}
 q - 2 potions of curing
 r - a potion of cancellation {unknown}
 w - a potion of heal wounds {unknown}
 x - a potion of mutation {unknown}
 z - 2 potions of degeneration {unknown}


   Skills:
 - Level 1.1 Fighting
 - Level 1.7 Dodging
 - Level 4.0 Shields
 - Level 6.0 Unarmed Combat
 + Level 4.5 Spellcasting
 + Level 4.8 Transmutations
 + Level 4.2 Ice Magic


You had 11 spell levels left.
You knew the following spells:

 Your Spells              Type           Power      Damage    Failure   Level
a - Beastly Appendage     Tmut           38%        N/A       2%          1
b - Ice Form              Ice/Tmut       18%        N/A       30%         4

Your spell library contained the following spells:

 Spells                   Type           Power      Damage    Failure   Level
 Wereblood                Tmut           19%        N/A       4%          2
 Spider Form              Tmut/Pois      11%        N/A       22%         3


Dungeon Overview and Level Annotations

Branches:
Dungeon (5/15)             Temple (1/1) D:5

Altars:
Cheibriados
Dithmenos
Elyvilon
Fedhas
Gozag
Hepliaklqana
Kikubaaqudgha
Nemelex Xobeh
Okawaru
Ru
Sif Muna
Trog
Uskayaw
Vehumet
Wu Jian
Xom
Yredelemnul
Zin


Innate Abilities, Weirdness & Mutations

You can breathe wild blasts of lightning.
Your glossy black scales are hard. (AC +6)
You cannot fit into any form of body armour.
You are resistant to electric shocks. (rElec)
You are cold-blooded and may be slowed by cold attacks.


Message History

You feel drained.
You closely miss the wight. Your headbutt misses the wight.
The wight is moderately damaged.
The wight hits you with a +5 short sword!
You feel drained.
You hit the wight. Your kick misses the wight.
You tail-slap the wight, but do no damage.
The wight is heavily damaged.
The wight hits you with a +4 dagger.
The wight hits you with a +5 short sword.
You closely miss the wight. Your headbutt misses the wight.
Your tail-slap misses the wight.
The wight is heavily damaged.
The wight hits you with a +4 dagger.
You feel drained. You block the wight's attack.
You closely miss the wight.
The wight is heavily damaged.
Your horns disappear.
Your talons disappear.
You block the wight's attack. The wight hits you with a +4 dagger!
You hit the wight. You tail-slap the wight.
The wight is almost destroyed.
You block the wight's attack.
The wight hits you with a +5 short sword.
You hit the wight but do no damage.
The wight is almost destroyed.
You completely miss the wight.
Your tail-slap misses the wight.
The wight is almost destroyed.
You block the wight's attack. The wight hits you with a +4 dagger.
* * * LOW HITPOINT WARNING * * *
You barely miss the wight.
The wight is almost destroyed.
The wight closely misses you. The wight hits you with a +4 dagger!
* * * LOW HITPOINT WARNING * * *
You feel drained.
* * * LOW HITPOINT WARNING * * *
You punch the wight!
You destroy the wight!
The Council accepts your kill. The wight hits you with a +4 dagger!
You die...

#......# ##.....#
########### #.....#
#.........# #.....#
#.........# #.....#
#.........# #......
#.........######......
#............)<.......
#...)@............)...
#...z..........†.....#
#....................#
.......................#
............############
............#
............#
............# ###+#####


You could see a wight.

Vanquished Creatures
  Pikel (D:3)
  Grinder (D:3)
  Duvessa (D:4)
  A black bear (D:5)
  3 lemures (D:3)
  A bullfrog (D:4)
  2 scorpions (D:5)
  4 wights (D:5)
  Dowan (D:4)
  7 adders
  A shadow imp (D:5)
  3 worms (D:3)
  3 orcs
  8 ball pythons
  4 bats (D:1)
  10 endoplasms
  7 giant cockroaches
  4 hobgoblins
  5 jackals
  5 kobolds
  4 quokkas
  8 frilled lizards
  4 goblins
  5 rats
93 creatures vanquished.

Notes
Turn   | Place    | Note
-------+----------+-------------------------------------------
     0 | D:1      | Hubris850 the Draconian Transmuter began the quest for the
                  | Orb.
     0 | D:1      | Reached XP level 1. HP: 16/16 MP: 3/3
   151 | D:1      | Reached XP level 2. HP: 23/23 MP: 5/5
   329 | D:1      | Reached skill level 4 in Unarmed Combat
   750 | D:1      | Reached XP level 3. HP: 25/28 MP: 6/6
  1472 | D:3      | Reached XP level 4. HP: 31/35 MP: 5/7
  1488 | D:3      | Noticed Grinder
  1506 | D:3      | Paralysed by Grinder for 2 turns
  1511 | D:3      | Killed Grinder
  1512 | D:3      | Reached skill level 5 in Unarmed Combat
  1512 | D:3      | Reached XP level 5. HP: 27/40 MP: 8/8
  1512 | D:3      | Reached XP level 6. HP: 32/47 MP: 9/9
  1754 | D:3      | Reached skill level 6 in Unarmed Combat
  2217 | D:3      | Learned a level 4 spell: Ice Form
  2466 | D:4      | Noticed Pikel
  2685 | D:3      | Killed Pikel
  2686 | D:3      | Your scales start taking on a glossy black colour.
  2686 | D:3      | Reached XP level 7. HP: 52/52 MP: 9/12
  2686 | D:3      | Gained mutation: You are resistant to electric shocks.
                  | (rElec) [Black Draconian growth]
  3159 | D:4      | Noticed Dowan
  3363 | D:4      | Noticed Duvessa
  3375 | D:4      | Killed Duvessa
  3389 | D:4      | Killed Dowan
  3482 | D:5      | Entered Level 5 of the Dungeon
  3482 | D:5      | Found a staircase to the Ecumenical Temple.
  3491 | D:5      | Reached XP level 8. HP: 57/59 MP: 12/14
  3516 | Temple   | Entered the Ecumenical Temple
  3689 | Temple   | Became a worshipper of the Wu Jian Council
  4407 | D:5      | Slain by a wight

Illustrated notes

Levels and vault maps discovered:
D:1:      psy_arrival_whirlpool, layout_basic
D:2:      layout_rooms, minmay_tromino_mix6
D:3:      layout_loops_cross, uniq_grinder
D:4:      layout_basic, minmay_misc_feat_doors, uniq_pikel, uniq_duvessa
D:5:      layout_gridville, mainiacjoe_overflow_brackets,
          minmay_temple_entry_statues, serial_bayou_crossing
Temple:   regret_index_temple_mists

Skill      XL: |  1  2  3  4  5  6  7  8 |
---------------+-------------------------+-----
Unarmed Combat | 4 5 6 |  6.0
Shields        | 3 4 |  4.0
Spellcasting   | 3 4 |  4.5
Transmutations | 3 4 |  4.8
Ice Magic      | 2 3 4 |  4.2
Fighting       | |  1.1
Dodging        | |  1.7

Action                     |  1- 3 |  4- 6 |  7- 9 || total
---------------------------+-------+-------+-------++-------
  Melee: Dagger            |    99 |    34 |       ||   133
         Tailslap          |    10 |    10 |    13 ||    33
         Unarmed           |     3 |    86 |    93 ||   182
         Whip              |     1 |       |       ||     1
         Kick              |    14 |    21 |    29 ||    64
         Headbutt          |    10 |     9 |    11 ||    30
  Throw: Boomerang         |     9 |       |       ||     9
   Cast: Beastly Appendage |    24 |    14 |    15 ||    53
         Ice Form          |       |       |     1 ||     1
Ability: Lunge             |       |       |     6 ||     6
    Use: Potion            |       |     2 |       ||     2
   Stab: Sleeping          |       |       |     1 ||     1
 Armour: Skin              |    38 |    26 |    16 ||    80
  Dodge: Dodged            |    62 |    33 |    42 ||   137
  Block: Buckler           |     1 |    20 |    13 ||    34

Table legend: (Time is in decaauts)
 A = Elapsed time spent in this place.
 B = Non-inter-level travel time spent in this place.
 C = Inter-level travel time spent in this place.
 D = Time resting spent in this place.
 E = Time spent auto-exploring this place.
 F = Levels seen in this place.
 G = Mean time per level.
                   A        B        C        D        E       F      G
               +--------+--------+--------+--------+--------+-----+--------+
         Total |   4452 |   4359 |     93 |    558 |   2766 |   6 |  742.0 |
       Dungeon |   4190 |   4124 |     66 |    558 |   2607 |   5 |  838.0 |
        Temple |    262 |    235 |     27 |      0 |    158 |   1 |  262.0 |
               +--------+--------+--------+--------+--------+-----+--------+

Top non-repeatable levels by time:
     D:3: 1012 daAuts
     D:4: 998 daAuts
     D:1: 887 daAuts
     D:5: 725 daAuts
     D:2: 565 daAuts
  Temple: 262 daAuts
